HSSL
HUNTSVILLE HS WASPS @ BISHOP AMAT HS
04/19/2028
 
TOP OF THE 1ST
Huntsville HS Wasps batting - Pitching for Bishop Amat HS : RHP Bryan Martínez
Pitching: RHP Bryan Martínez
Batting: SHB José Chávez 0-0: Foul Ball, location: 2F
0-1: Ball
1-1: Called Strike
1-2: Foul Ball, location: 2F
1-2: Ball
2-2: Ball
3-2: Ground out 4-3 (Groundball, 4)
Batting: RHB Esteban Garza 0-0: Ball
1-0: Foul Ball, location: 2F
1-1: Called Strike
1-2: Strikes out swinging
Batting: RHB Jorge Cortéz 0-0: Called Strike
0-1: Ball
1-1: Ball
2-1: SINGLE (Line Drive, 56D)
Batting: RHB Charlie Harris 0-0: Ball
1-0: Called Strike
1-1: Swinging Strike
1-2: Foul Ball, location: 2F
1-2: Foul Ball, location: 2F
1-2: Ball
2-2: Ball
3-2: Fly out, F7 (Flyball, 78M)
Top of the 1st over - 0 run(s), 1 hit(s), 0 error(s), 1 left on base; Huntsville HS 0 - Bishop Amat HS 0
BOTTOM OF THE 1ST
Bishop Amat HS batting - Pitching for Huntsville HS Wasps : RHP Tom Basano
Pitching: RHP Tom Basano
Batting: RHB Ralph Petit 0-0: SINGLE (Groundball, 56D)
Batting: RHB Louis García 0-0: Called Strike
0-1: Called Strike
0-2: Foul Ball, location: 2F
0-2: Grounds into double play, 3-6-3 (Groundball, 3)
Batting: RHB Geoffrey Bishop 0-0: Called Strike
0-1: Ground out 1-3 (Groundball, 13S)
Bottom of the 1st over - 0 run(s), 1 hit(s), 0 error(s), 0 left on base; Huntsville HS 0 - Bishop Amat HS 0
TOP OF THE 2ND
Huntsville HS Wasps batting - Pitching for Bishop Amat HS : RHP Bryan Martínez
Batting: RHB David Kemp 0-0: Called Strike
0-1: Ground out 5-3 (Groundball, 5L)
Batting: RHB Mike Kennedy 0-0: Ball
1-0: Ball
2-0: SINGLE (Flyball, 8LS)
Batting: RHB Pete Rudder 0-0: Called Strike
0-1: Ball
1-1: Foul Ball, location: 2F
1-2: Ball
2-2: Ball
3-2: Foul Ball, location: 2F
3-2: Base on Balls
Mike Kennedy to second
Batting: RHB Jim Mak 0-0: Foul Ball, location: 2F
0-1: Swinging Strike
0-2: Ball
1-2: Foul Ball, location: 2F
1-2: Ball
2-2: Ball
3-2: Foul Ball, location: 2F
3-2: Strikes out looking
Batting: RHB Dave Stroud 0-0: Called Strike
0-1: Ball
1-1: Ball
2-1: Called Strike
2-2: Ball
3-2: Base on Balls
Mike Kennedy to third
Pete Rudder to second
Batting: SHB José Chávez 0-0: Ball
1-0: Ball
2-0: Called Strike
2-1: Ball
3-1: Called Strike
3-2: Foul Ball, location: 2F
3-2: Foul Ball, location: 2F
3-2: Base on Balls
Mike Kennedy scores
Pete Rudder to third
Dave Stroud to second
Batting: RHB Esteban Garza 0-0: Foul Ball, location: 2F
0-1: Called Strike
0-2: Ball
1-2: Ball
2-2: SINGLE (Line Drive, 4MD)
Pete Rudder scores
Dave Stroud to third
José Chávez to second
Runner from 3rd tries for Home, SAFE, no throw
Batting: RHB Jorge Cortéz 0-0: Ball
1-0: Ball
2-0: Called Strike
2-1: Foul Ball, location: 2F
2-2: Foul Ball, location: 2F
2-2: Ball
3-2: Base on Balls
José Chávez to third
Esteban Garza to second
Batting: RHB Charlie Harris 0-0: Fielders Choice at 2nd, 5-4 (Groundball, 56)
Top of the 2nd over - 3 run(s), 2 hit(s), 0 error(s), 2 left on base; Huntsville HS 3 - Bishop Amat HS 0
BOTTOM OF THE 2ND
Bishop Amat HS batting - Pitching for Huntsville HS Wasps : RHP Tom Basano
Batting: RHB Mike Best 0-0: Called Strike
0-1: Foul Ball, location: 2F
0-2: Ball
1-2: Ball
2-2: Reached on error, E1 (Groundball, P)
Batting: RHB Bill Bailey 0-0: Ball
1-0: Called Strike
1-1: Foul Ball, location: 2F
1-2: SINGLE (Groundball, 5S) (infield hit)
Mike Best to second
Batting: RHB Steve Bañuelos 0-0: Ball
1-0: Called Strike
1-1: Swinging Strike
1-2: Fielders Choice at 2nd, 3-6 (Groundball, 34)
Mike Best to third
Batting: LHB Ralph King 0-0: Called Strike
0-1: Swinging Strike
0-2: Ball
1-2: Foul Ball, location: 2F
1-2: Ball
2-2: Strikes out swinging
Steve Bañuelos steals 2nd base
Batter strikes out.
Batting: RHB Manuel Díaz 0-0: Ball
1-0: Called Strike
1-1: Ball
2-1: Ball
3-1: Swinging Strike
3-2: Foul Ball, location: 2F
3-2: Base on Balls
Batting: RHB Andrew Miller 0-0: Reached on error, E5 (Groundball, 56)
Mike Best scores
Steve Bañuelos to third
Manuel Díaz to second
Batting: RHB Ralph Petit 0-0: Ball
1-0: Foul Ball, location: 2F
1-1: Ball
2-1: Swinging Strike
2-2: Ball
3-2: Base on Balls
Steve Bañuelos scores
Manuel Díaz to third
Andrew Miller to second
Batting: RHB Louis García 0-0: Ball
1-0: Foul Ball, location: 2F
1-1: Foul Ball, location: 2F
1-2: Ball
2-2: Foul Ball, location: 2F
2-2: Fielders Choice at 2nd, 4-6 (Groundball, 34)
Bottom of the 2nd over - 2 run(s), 1 hit(s), 2 error(s), 2 left on base; Huntsville HS 3 - Bishop Amat HS 2
TOP OF THE 3RD
Huntsville HS Wasps batting - Pitching for Bishop Amat HS : RHP Bryan Martínez
Batting: RHB David Kemp 0-0: Ball
1-0: Ball
2-0: Ball
3-0: Called Strike
3-1: Foul Ball, location: 2F
3-2: Foul Ball, location: 2F
3-2: Base on Balls
Batting: RHB Mike Kennedy 0-0: Called Strike
0-1: Ball
1-1: Ball
2-1: Foul Ball, location: 2F
2-2: Ball
3-2: Foul Ball, location: 2F
3-2: SINGLE (Line Drive, 7S)
David Kemp to second
Pitching: LHP Ronnie Beason
Batting: RHB Pete Rudder 0-0: SINGLE (Line Drive, 7S)
David Kemp to third
Mike Kennedy to second
Batting: RHB Jim Mak 0-0: Grounds into double play, 4-6-3 (Groundball, 4M)
David Kemp scores
Mike Kennedy to third
Batting: RHB Dave Stroud 0-0: SINGLE (Line Drive, 6)
Mike Kennedy scores
Batting: SHB José Chávez 0-0: Ball
1-0: Called Strike
1-1: Ball
2-1: Foul Ball, location: 2F
2-2: Ball
Dave Stroud steals 2nd base
3-2: Base on Balls
Batting: RHB Esteban Garza 0-0: Called Strike
0-1: Ball
1-1: Called Strike
1-2: Ball
2-2: Ball
3-2: Strikes out swinging
Top of the 3rd over - 2 run(s), 3 hit(s), 0 error(s), 2 left on base; Huntsville HS 5 - Bishop Amat HS 2
BOTTOM OF THE 3RD
Bishop Amat HS batting - Pitching for Huntsville HS Wasps : RHP Tom Basano
Batting: RHB Geoffrey Bishop 0-0: Called Strike
0-1: Ball
1-1: Foul Ball, location: 2F
1-2: Foul Ball, location: 2F
1-2: DOUBLE (Flyball, 89D)
Batting: RHB Mike Best 0-0: Ball
1-0: Ball
2-0: Ball
3-0: Base on Balls
Batting: RHB Bill Bailey 0-0: Ball
1-0: Ball
Throwing error on steal attempt, E2
Geoffrey Bishop scores
Mike Best to third
2-0: Ball
3-0: Base on Balls
Batting: RHB Steve Bañuelos 0-0: Foul Ball, location: 2F
0-1: Ball
1-1: SINGLE (Flyball, 9)
Mike Best scores
Bill Bailey to second
Batting: LHB Ralph King 0-0: Called Strike
0-1: Ball
1-1: Ball
2-1: Foul Ball, location: 2F
2-2: Ball
3-2: Strikes out swinging
Batting: RHB Manuel Díaz 0-0: Ball
1-0: Foul Ball, location: 2F
1-1: Called Strike
1-2: Ball
2-2: Foul Ball, location: 2F
2-2: Ball
3-2: Strikes out swinging
Batting: RHB Andrew Miller 0-0: Called Strike
0-1: SINGLE (Groundball, 2L) (infield hit)
Bill Bailey to third
Steve Bañuelos to second
Batting: RHB Ralph Petit 0-0: SINGLE (Line Drive, 6MD)
Bill Bailey scores
Steve Bañuelos to third
Andrew Miller to second
Runner from 3rd tries for Home, SAFE, no throw
Batting: RHB Louis García 0-0: Ball
1-0: Ball
2-0: Called Strike
2-1: Ball
3-1: Base on Balls
Andrew Miller to third
Ralph Petit to second
Pitching: RHP Álex Crus
Batting: RHB Geoffrey Bishop 0-0: Ball
1-0: Ball
2-0: Foul Ball, location: 2F
2-1: Fielders Choice at 2nd, 4-6 (Groundball, 4)
Bottom of the 3rd over - 4 run(s), 4 hit(s), 1 error(s), 2 left on base; Huntsville HS 5 - Bishop Amat HS 6
TOP OF THE 4TH
Huntsville HS Wasps batting - Pitching for Bishop Amat HS : LHP Ronnie Beason
Batting: RHB Jorge Cortéz 0-0: Swinging Strike
0-1: Foul Ball, location: 2F
0-2: Ball
1-2: Ball
2-2: Foul Ball, location: 2F
2-2: Foul Ball, location: 2F
2-2: Strikes out swinging
Batting: RHB Charlie Harris 0-0: Called Strike
0-1: Ball
1-1: Ball
2-1: Foul Ball, location: 2F
2-2: Ball
3-2: Ground out 6-3 (Groundball, 56)
Batting: RHB David Kemp 0-0: Reached on error, E6 (Groundball, 6)
Batting: RHB Mike Kennedy 0-0: Called Strike
0-1: Ball
1-1: Called Strike
1-2: Fly out, F8 (Flyball, 8RM)
Top of the 4th over - 0 run(s), 0 hit(s), 1 error(s), 1 left on base; Huntsville HS 5 - Bishop Amat HS 6
BOTTOM OF THE 4TH
Bishop Amat HS batting - Pitching for Huntsville HS Wasps : RHP Álex Crus
Batting: RHB Mike Best 0-0: Foul Ball, location: 2F
0-1: Ball
1-1: Foul Ball, location: 2F
1-2: Ground out 5-3 (Groundball, 56)
Batting: RHB Bill Bailey 0-0: Called Strike
0-1: Ball
1-1: Foul Ball, location: 2F
1-2: Ball
2-2: Ball
3-2: Foul Ball, location: 2F
3-2: Fly out, F2 (Popup, 3S)
Batting: RHB Steve Bañuelos 0-0: Called Strike
0-1: SOLO HOME RUN (Line Drive, 9D), Distance : 405 ft
Batting: LHB Ralph King 0-0: Ball
1-0: Ball
2-0: Ball
3-0: Called Strike
3-1: Base on Balls
Batting: RHB Manuel Díaz 0-0: Called Strike
0-1: Foul Ball, location: 2F
0-2: Strikes out looking
Bottom of the 4th over - 1 run(s), 1 hit(s), 0 error(s), 1 left on base; Huntsville HS 5 - Bishop Amat HS 7
TOP OF THE 5TH
Huntsville HS Wasps batting - Pitching for Bishop Amat HS : LHP Ronnie Beason
Batting: RHB Pete Rudder 0-0: Ball
1-0: SOLO HOME RUN (Flyball, 7D), Distance : 375 ft
Batting: RHB Jim Mak 0-0: Swinging Strike
0-1: Hit by Pitch
Batting: RHB Dave Stroud 0-0: Ball
1-0: Called Strike
1-1: Swinging Strike
1-2: Foul Ball, location: 2F
1-2: Ball
Jim Mak steals 2nd base
2-2: Ball
3-2: Strikes out swinging
Batting: SHB José Chávez 0-0: Swinging Strike
0-1: Ball
1-1: Ball
Jim Mak is caught stealing 3rd base
2-1: Ball
3-1: Foul Ball, location: 2F
3-2: Strikes out swinging
Top of the 5th over - 1 run(s), 1 hit(s), 0 error(s), 0 left on base; Huntsville HS 6 - Bishop Amat HS 7
BOTTOM OF THE 5TH
Bishop Amat HS batting - Pitching for Huntsville HS Wasps : RHP Álex Crus
Batting: RHB Andrew Miller 0-0: Called Strike
0-1: Ball
1-1: Swinging Strike
1-2: Fly out, F9 (Line Drive, 89M)
Batting: RHB Ralph Petit 0-0: Ground out 5-3 (Groundball, 56)
Batting: RHB Louis García 0-0: Ball
1-0: Ball
2-0: Called Strike
2-1: Called Strike
2-2: Fly out, F8 (Flyball, 8RM)
Bottom of the 5th over - 0 run(s), 0 hit(s), 0 error(s), 0 left on base; Huntsville HS 6 - Bishop Amat HS 7
TOP OF THE 6TH
Huntsville HS Wasps batting - Pitching for Bishop Amat HS : LHP Ronnie Beason
Pitching: RHP Michael Miller
Batting: RHB Esteban Garza 0-0: Ball
1-0: Fly out, F5 (Popup, 56)
Batting: RHB Jorge Cortéz 0-0: Ball
1-0: Foul Ball, location: 2F
1-1: Ball
2-1: Ground out 6-3 (Groundball, 6)
Batting: RHB Charlie Harris 0-0: Ball
1-0: Ball
2-0: Swinging Strike
2-1: Foul Ball, location: 2F
2-2: Ball
3-2: Fly out, F8 (Flyball, 8LM)
Top of the 6th over - 0 run(s), 0 hit(s), 0 error(s), 0 left on base; Huntsville HS 6 - Bishop Amat HS 7
BOTTOM OF THE 6TH
Bishop Amat HS batting - Pitching for Huntsville HS Wasps : RHP Álex Crus
Batting: RHB Geoffrey Bishop 0-0: Ball
1-0: Foul Ball, location: 2F
1-1: Swinging Strike
1-2: Foul Ball, location: 2F
1-2: Strikes out looking
Batting: RHB Mike Best 0-0: Ball
1-0: Ball
2-0: Called Strike
2-1: Called Strike
2-2: SINGLE (Flyball, 7LS)
Batting: RHB Bill Bailey 0-0: Ball
1-0: Called Strike
1-1: Ball
2-1: Ball
3-1: Called Strike
3-2: Base on Balls
Mike Best to second
Batting: RHB Steve Bañuelos 0-0: Ball
1-0: SINGLE (Groundball, 34D)
Mike Best to third
Bill Bailey to second
Pitching: LHP Michael Bowles
Batting: LHB Ralph King 0-0: Foul Ball, location: 2F
0-1: Called Strike
0-2: Foul Ball, location: 2F
0-2: GRAND SLAM HOME RUN (Flyball, 78XD), Distance : 428 ft
Batting: RHB Manuel Díaz 0-0: Hit by Pitch
Batting: RHB Andrew Miller 0-0: Ball
1-0: Fly out, F4 (Popup, 34D)
Batting: RHB Ralph Petit 0-0: Called Strike
0-1: Called Strike
0-2: Ball
1-2: Foul Ball, location: 2F
1-2: Fly out, F3 (Popup, 3L)
Bottom of the 6th over - 4 run(s), 3 hit(s), 0 error(s), 1 left on base; Huntsville HS 6 - Bishop Amat HS 11
TOP OF THE 7TH
Huntsville HS Wasps batting - Pitching for Bishop Amat HS : RHP Michael Miller
Batting: RHB David Kemp 0-0: Called Strike
0-1: Called Strike
0-2: Strikes out swinging
Batting: RHB Mike Kennedy 0-0: Foul Ball, location: 2F
0-1: Ground out 6-3 (Groundball, 6S)
Batting: RHB Pete Rudder 0-0: Foul Ball, location: 2F
0-1: Ball
1-1: Ball
2-1: Ball
3-1: Called Strike
3-2: Foul Ball, location: 2F
3-2: SINGLE (Groundball, 56D)
Batting: RHB Jim Mak 0-0: Ball
1-0: Called Strike
1-1: Swinging Strike
1-2: Foul Ball, location: 2F
1-2: Strikes out swinging
Top of the 7th over - 0 run(s), 1 hit(s), 0 error(s), 1 left on base; Huntsville HS 6 - Bishop Amat HS 11
BOTTOM OF THE 7TH
Bishop Amat HS batting - Pitching for Huntsville HS Wasps : LHP Michael Bowles
Batting: RHB Louis García 0-0: Ball
1-0: Ball
2-0: Called Strike
2-1: Called Strike
2-2: Ball
3-2: Ground out 4-3 (Groundball, 34)
Batting: RHB Geoffrey Bishop 0-0: Called Strike
0-1: Foul Ball, location: 2F
0-2: SINGLE (Line Drive, 8LS)
Batting: RHB Mike Best 0-0: Ball
Geoffrey Bishop is caught stealing 2nd base
1-0: Ball
2-0: Swinging Strike
2-1: Swinging Strike
2-2: Strikes out looking
Bottom of the 7th over - 0 run(s), 1 hit(s), 0 error(s), 0 left on base; Huntsville HS 6 - Bishop Amat HS 11
TOP OF THE 8TH
Huntsville HS Wasps batting - Pitching for Bishop Amat HS : RHP Michael Miller
Now at 2B: Edison Knight
Batting: RHB Dave Stroud 0-0: Ground out 6-3 (Groundball, 6)
Batting: SHB José Chávez 0-0: Called Strike
0-1: Ball
1-1: Ball
2-1: Swinging Strike
2-2: Ball
3-2: Foul Ball, location: 2F
3-2: Base on Balls
Batting: RHB Esteban Garza 0-0: Called Strike
0-1: Grounds into double play, 5-4-3 (Groundball, 56)
Top of the 8th over - 0 run(s), 0 hit(s), 0 error(s), 0 left on base; Huntsville HS 6 - Bishop Amat HS 11
BOTTOM OF THE 8TH
Bishop Amat HS batting - Pitching for Huntsville HS Wasps : LHP Michael Bowles
Batting: RHB Bill Bailey 0-0: Ball
1-0: Foul Ball, location: 2F
1-1: Ball
2-1: SINGLE (Flyball, 7S)
Batting: RHB Steve Bañuelos 0-0: Ball
1-0: Called Strike
1-1: Called Strike
1-2: Foul Ball, location: 2F
1-2: Strikes out swinging
Batting: LHB Ralph King 0-0: Foul Ball, location: 2F
0-1: Foul Ball, location: 2F
0-2: Strikes out looking
Batting: RHB Manuel Díaz 0-0: Swinging Strike
0-1: Foul Ball, location: 2F
0-2: Strikes out swinging
Bottom of the 8th over - 0 run(s), 1 hit(s), 0 error(s), 1 left on base; Huntsville HS 6 - Bishop Amat HS 11
TOP OF THE 9TH
Huntsville HS Wasps batting - Pitching for Bishop Amat HS : RHP Michael Miller
Now at C: Ken Pérez
Batting: RHB Jorge Cortéz 0-0: Called Strike
0-1: Ground out 4-3 (Groundball, 4)
Batting: RHB Charlie Harris 0-0: Called Strike
0-1: Foul Ball, location: 2F
0-2: Foul Ball, location: 2F
0-2: Ball
1-2: Foul Ball, location: 2F
1-2: Ball
2-2: Fly out, F9 (Flyball, 89M)
Pitching: RHP William Roy
Batting: RHB David Kemp 0-0: Ball
1-0: Ball
2-0: Called Strike
2-1: Ball
3-1: Ground out 4-3 (Groundball, 4S)
Top of the 9th over - 0 run(s), 0 hit(s), 0 error(s), 0 left on base; Huntsville HS 6 - Bishop Amat HS 11
Tuesday, August 8th, 2017 - OOTP Baseball 17.12 Build 75